 Dungeon Crawl Stone Soup version 0.31-a0-818-ge7c7cf74f0 (webtiles) character file.

Game seed: 8726993075295689011

59 Kurtz the Chopper (level 4, -1/31 HPs)
             Began as an Octopode Fighter on Sept 23, 2023.
             Killed by nerve-wracking pain
             ... invoked by Grinder
              (10 damage)
             ... while paralysed by Grinder
             ... on level 3 of the Dungeon.
             The game lasted 00:01:17 (1515 turns).

Kurtz the Chopper (Octopode Fighter)                Turns: 1515, Time: 00:01:18

Health: -1/31      AC:  1    Str: 17    XL:     4   Next: 3%
Magic:  4/4        EV:  2    Int: 10    God:
Gold:   73         SH:  0    Dex: 11    Spells: 3/3 levels left

rFire   . . .        a - +0 war axe
rCold   . . .        b - +0 buckler
rNeg    . . .        (helmet restricted)
rPois   .            f - amulet of the acrobat
rElec   .            h - +5 ring of evasion
rCorr   .            (no ring)
SInv    .            (no ring)
Will    .....        (no ring)
Stlth   ++           (no ring)
HPRegen 0.25/turn    (no ring)
MPRegen 0.09/turn    (no ring)
                     (no ring)

%: acrobat
@: paralysed, mighty
A: almost no armour, amphibious, 8 rings, camouflage 1, gelatinous body 1,
(nimble swimmer 1), tentacles
a: no special abilities


You were on level 3 of the Dungeon.
You visited 1 branch of the dungeon, and saw 3 of its levels.

You collected 73 gold pieces.

Inventory:

Hand Weapons
 a - a +0 war axe (weapon)
Armour
 b - a +0 buckler (worn)
Jewellery
 f - an amulet of the acrobat (around mantle)
 h - a +5 ring of evasion (left tentacle)
Scrolls
 d - 2 scrolls of poison {unknown}
 e - a scroll of teleportation {unknown}
 j - a scroll of blinking {unknown}
 k - a scroll of immolation {unknown}
 l - a scroll of fear {unknown}
Potions
 g - 2 potions of curing {unknown}
 i - a potion of haste {unknown}


   Skills:
 - Level 3.0 Fighting
 * Level 4.2 Axes
 - Level 3.0 Dodging
 - Level 3.0 Shields


You had 3 spell levels left.
You didn't know any spells.
Your spell library was empty.

Dungeon Overview and Level Annotations

Branches:
Dungeon (3/15)

Altars:

Annotations:
D:3 Grinder


Innate Abilities, Weirdness & Mutations

You cannot wear most types of armour.
You are amphibious.
You can wear up to eight rings at the same time.
Your skin changes colour to match your surroundings (Stealth+).
Your rubbery body absorbs attacks. (AC +1, EV +1)
((You are camouflaged when in or above water. (Stealth+)))
You have tentacles for arms and can constrict up to eight enemies at once.


Message History

You hit the quokka. Your grab misses the quokka. You squeeze the quokka.
The quokka is almost dead.
The quokka completely misses you. You block the quokka's attack.
Unknown command.
You slash the quokka!
You kill the quokka!
No target in view!
Unknown command.
Press: ? - help, . - travel You can't see that place. [the floor.] Reduced exclusion size to a single square.
Removed exclusion.
Press: ? - help, . - travel You can't see that place. [the floor.] Reduced exclusion size to a single square.
Removed exclusion.
Grinder hits you.
You writhe in agony.
You closely miss Grinder. Your grab misses Grinder.
Grinder completely misses you. Grinder closely misses you.
You barely miss Grinder. You grab Grinder. You constrict Grinder.
Grinder barely misses you.
You slash Grinder!
Grinder is moderately wounded.
You constrict Grinder. Grinder hits you!
You writhe in agony.
You slash Grinder! You squeeze Grinder!
Grinder is severely wounded.
You constrict Grinder. Grinder gestures at you.
You resist with significant effort. Grinder gestures at you.
You suddenly lose the ability to move!
You lose your grip on Grinder.
Grinder hits you.
You writhe in agony.
* * * LOW HITPOINT WARNING * * *
Grinder blinks!
Grinder gestures at you. Pain shoots through your body!
You die...
Grinder says, "Now the real fun starts!"

##### .$.#
#..# #5.#
#..#
.#####..#
#........#
########.#
#@########
#..<.....#
#†.#.###...
.....#.#
..##.....#
#.#.#..
#.#...?
#...>...
######.#


You could see Grinder.

Vanquished Creatures
  3 dart slugs (D:1)
  4 bats
  2 endoplasms (D:2)
  2 giant cockroaches (D:2)
  7 goblins
  4 hobgoblins (D:2)
  5 jackals
  3 quokkas
  3 ball pythons
  8 kobolds
  4 rats
45 creatures vanquished.

Notes
Turn   | Place    | Note
-------+----------+-------------------------------------------
     0 | D:1      | Kurtz the Octopode Fighter began the quest for the Orb.
     0 | D:1      | Reached XP level 1. HP: 16/16 MP: 1/1
   123 | D:1      | Reached XP level 2. HP: 18/21 MP: 2/2
   200 | D:1      | Reached skill level 3 in Axes
   396 | D:1      | Reached XP level 3. HP: 22/26 MP: 3/3
  1012 | D:2      | Reached skill level 4 in Axes
  1369 | D:2      | Reached XP level 4. HP: 31/31 MP: 4/4
  1491 | D:3      | Noticed Grinder
  1512 | D:3      | Paralysed by Grinder for 4 turns
  1515 | D:3      | Killed from afar by Grinder

Illustrated notes

Levels and vault maps discovered:
D:1:      heliophobic_arrival_glass_houses, layout_basic
D:2:      minmay_angry_zag, layout_loops_ring, st_stairs_9
D:3:      layout_loops_cross, mainiacjoe_overflow_alcove_4, serial_shops, shop,
          uniq_grinder

Skill      XL: |  1  2  3 |
---------------+----------+-----
Axes           | 3 4 |  4.2
Fighting       | |  3.0
Dodging        | |  3.0
Shields        | |  3.0

Action                     |  1- 3 |  4- 6 || total
---------------------------+-------+-------++-------
  Melee: War axe           |    66 |     7 ||    73
         Constrict         |    17 |     2 ||    19
         Tentacles         |    10 |     2 ||    12
    Use: Potion            |       |     1 ||     1
   Stab: Sleeping          |     5 |       ||     5
 Armour: Skin              |    18 |     3 ||    21
  Dodge: Dodged            |    48 |     6 ||    54
  Block: Buckler           |    14 |     1 ||    15

Table legend: (Time is in decaauts)
 A = Elapsed time spent in this place.
 B = Non-inter-level travel time spent in this place.
 C = Inter-level travel time spent in this place.
 D = Time resting spent in this place.
 E = Time spent auto-exploring this place.
 F = Levels seen in this place.
 G = Mean time per level.
                   A        B        C        D        E       F      G
               +--------+--------+--------+--------+--------+-----+--------+
         Total |   1541 |   1465 |     76 |      0 |   1197 |   3 |  513.7 |
       Dungeon |   1541 |   1465 |     76 |      0 |   1197 |   3 |  513.7 |
               +--------+--------+--------+--------+--------+-----+--------+

Top non-repeatable levels by time:
     D:2: 835 daAuts
     D:1: 678 daAuts
     D:3: 27 daAuts
